 Dungeon Crawl Stone Soup version 0.30-a0-883-g5ad918d77d (webtiles) character file.

Game seed: 13074113062639403384

27 Lavandula the Gusty (level 3, -4/24 HPs)
             Began as a Human Air Elementalist on Mar 15, 2023.
             Slain by a hound (5 damage)
             ... on level 1 of the Dungeon.
             The game lasted 00:02:39 (940 turns).

Lavandula the Gusty (Human Air Elementalist)         Turns: 940, Time: 00:02:40

Health: -4/24      AC:  3    Str:  8    XL:     3   Next: 25%
Magic:  5/6        EV: 12    Int: 17    God:
Gold:   44         SH:  0    Dex: 13    Spells: 5/6 levels left

rFire   . . .      SeeInvis .    g - staff of poison
rCold   . . .      Faith    .    (no shield)
rNeg    . . .      Spirit   .    a - +0 robe
rPois   +          Reflect  .    d - +0 helmet
rElec   .          Rampage  .    (no cloak)
rCorr   .                        (no gloves)
Will    +....                    (no boots)
Stlth   ++                       (no amulet)
HPRegen 0.24/turn                f - ring of willpower
MPRegen 0.10/turn                (no ring)

@: attractive, very slightly contaminated
A: no striking features
a: no special abilities


You were on level 1 of the Dungeon.
You visited 1 branch of the dungeon, and saw 2 of its levels.

You collected 44 gold pieces.

Inventory:

Armour
 a - a +0 robe (worn)
 d - a +0 helmet (worn)
Magical Staves
 g - a staff of poison (weapon)
Jewellery
 f - a ring of willpower (left hand)
Scrolls
 c - 2 scrolls of identify {unknown}
 h - a scroll of magic mapping {unknown}
Potions
 e - a potion of brilliance {unknown}
 i - a potion of attraction


   Skills:
 - Level 2.0 Dodging
 - Level 2.0 Stealth
 - Level 2.0 Spellcasting
 - Level 1.0 Conjurations
 + Level 4.2 Air Magic


You had 5 spell levels left.
You knew the following spells:

 Your Spells              Type           Power      Damage    Failure   Level
a - Shock                 Conj/Air       40%        1d5       7%          1

Your spell library contained the following spells:

 Spells                   Type           Power      Damage    Failure   Level
 Static Discharge         Conj/Air       20%        2-3/arc   10%         2
 Swiftness                Air            15%        N/A       11%         3
 Airstrike                Air            7%         2d(2-18)  34%         4


Dungeon Overview and Level Annotations

Branches:
Dungeon (2/15)

Altars:

Shops:
D:1 *?(?[


Message History

There is a stone staircase leading down here.
Unknown command.
The hound attacks as you move away! The hound misses you.
The hound bites you but does no damage.
A hound is nearby!
A hound is nearby!
Aiming: Shock (safe; 7% risk of failure)
Press: ? - help, Q - select action Shift-Dir - straight line The zap misses the hound. x2
The hound completely misses you.
Unknown command.
You don't have enough magic to cast this spell.
Unknown command.
You barely miss the hound.
The hound is heavily wounded.
The hound bites you. x2
You are too injured to fight recklessly!
You are too injured to fight recklessly!
You are too injured to fight recklessly!
You hit the hound but do no damage.
The hound is heavily wounded.
The hound bites you.
* * * LOW HITPOINT WARNING * * *
The hound bites you.
* * * LOW HITPOINT WARNING * * *
It was a potion of attraction.
You feel attractive to monsters. The hound bites you.
* * * LOW HITPOINT WARNING * * *
Magic courses through your body. The hound bites you.
* * * LOW HITPOINT WARNING * * *
The hound closely misses you.
Aiming: Shock (safe; 7% risk of failure)
Press: ? - help, Q - select action Shift-Dir - straight line The zap hits the hound.
The hound is severely wounded.
The zap hits the hound.
The hound is severely wounded.
The hound bites you.
You die...

...........# ###.....
...........# #########.......
...........#######.........#.....
...........##.))†..##############
..............#########
..#........#####......#
...........# #......########
...........#####h>....#......#
..............##@.....#......#
#............................####
#.......∩......#.....>...........
##........#..............#.......
#>#.....#######.......######....
##...###.######..#..#............
.................................
...............(.................
..........###'###................


You could see a hound.

Vanquished Creatures
  3 bats (D:1)
  2 endoplasms (D:1)
  A giant cockroach (D:1)
  2 goblins (D:1)
  A hobgoblin (D:1)
  4 jackals (D:1)
  A quokka (D:1)
  4 ball pythons (D:1)
  A frilled lizard (D:1)
  2 kobolds (D:1)
  3 rats (D:1)
24 creatures vanquished.

Notes
Turn   | Place    | Note
-------+----------+-------------------------------------------
     0 | D:1      | Lavandula the Human Air Elementalist began the quest for
                  | the Orb.
     0 | D:1      | Reached XP level 1. HP: 13/13 MP: 3/3
   132 | D:1      | Found Tohuozof's Magic Scroll Shoppe.
   136 | D:1      | Reached XP level 2. HP: 19/19 MP: 0/5
   311 | D:1      | Found Wuskoros's General Store.
   528 | D:1      | Reached skill level 4 in Air Magic
   528 | D:1      | Reached XP level 3. HP: 24/24 MP: 3/6
   587 | D:1      | Found Fear's Antique Weapon Shop.
   630 | D:1      | Found Leet's Magic Scroll Shoppe.
   655 | D:1      | Found Iniackis's Antique Armour Emporium.
   939 | D:1      | HP: 1/24 [hound (3)]
   940 | D:1      | Slain by a hound

Illustrated notes

Levels and vault maps discovered:
D:1:      nicolae_arrival_somewhat_less_tricky_arrival, layout_rooms,
          serial_shops, nicolae_shop_statue_plus, shop, shop,
          nicolae_shop_crystal, nicolae_shop_behind_doors
D:2:      layout_loops_corners, serial_shops, nicolae_shop_waterfront,
          shop_statue, shop_scrolls, shop_statue

Skill      XL: |  1  2 |
---------------+-------+-----
Air Magic      | 4 |  4.2
Dodging        | |  2.0
Stealth        | |  2.0
Spellcasting   | |  2.0
Conjurations   | |  1.0

Action                     || total
---------------------------++-------
  Melee: Staff             ||    19
   Cast: Shock             ||    39
    Use: Potion            ||     2
 Armour: Robe              ||    12
  Dodge: Dodged            ||    24

Table legend: (Time is in decaauts)
 A = Elapsed time spent in this place.
 B = Non-inter-level travel time spent in this place.
 C = Inter-level travel time spent in this place.
 D = Time resting spent in this place.
 E = Time spent auto-exploring this place.
 F = Levels seen in this place.
 G = Mean time per level.
                   A        B        C        D        E       F      G
               +--------+--------+--------+--------+--------+-----+--------+
         Total |    943 |    899 |     44 |     11 |    731 |   2 |  471.5 |
       Dungeon |    943 |    899 |     44 |     11 |    731 |   2 |  471.5 |
               +--------+--------+--------+--------+--------+-----+--------+

Top non-repeatable levels by time:
     D:1: 935 daAuts
     D:2: 7 daAuts
